 Dungeon Crawl Stone Soup version 0.21-a0-263-gf26e180 (console) character file.

1458 Akra the Cleaver (level 8, -8/71 HPs)
             Began as a Minotaur Berserker on Sept 8, 2017.
             Was a Priest of Trog.
             Killed from afar by a steam dragon (15 damage)
             ... with a ball of steam
             ... on level 7 of the Dungeon.
             The game lasted 00:26:45 (6394 turns).

Akra the Cleaver (Minotaur Berserker)               Turns: 6394, Time: 00:26:45

Health: -8/71      AC:  9    Str: 22    XL:     8   Next: 47%
Magic:  7/7        EV: 13    Int:  6    God:    Trog [***...]
Gold:   291        SH:  0    Dex: 10    Spells: 7/7 levels left

rFire    . . .     SeeInvis .   x - +0 war axe
rCold    . . .     Gourm    .   (no shield)
rNeg     . . .     Faith    .   o - +3 leather armour {rPois}
rPois    +         Spirit   .   (helmet restricted)
rElec    .         Reflect  .   w - +0 cloak
rCorr    .         Harm     .   f - +0 pair of gloves
MR       ++...                  (no boots)
Stlth    +.........             (no amulet)
HPRegen  1.21/turn              (no ring)
MPRegen  0.10/turn              (no ring)

@: berserk cooldown, regenerating, slowed, drained, very slow
A: retaliatory headbutt, horns 2
a: Berserk, Trog's Hand, Burn Spellbooks, Renounce Religion


You were on level 7 of the Dungeon.
You worshipped Trog.
Trog was most pleased with you.
You were near starving.

You visited 1 branch of the dungeon, and saw 7 of its levels.

You collected 291 gold pieces.

Inventory:

Hand Weapons
 a - a +0 hand axe
 x - a +0 war axe (weapon)
Missiles
 i - 5 needles of frenzy
Armour
 b - a +0 animal skin
 f - a +0 pair of gloves (worn)
 o - a +3 leather armour of poison resistance (worn)
 w - a +0 cloak (worn)
Wands
 m - a wand of flame (37/48)
Scrolls
 d - 2 scrolls of teleportation
 j - a scroll of random uselessness
 n - 2 scrolls of magic mapping
 p - 5 scrolls of identify
 q - a scroll of enchant weapon {unknown}
 r - 2 scrolls of remove curse {unknown}
Potions
 e - 3 potions of flight
 h - a potion of berserk rage
 s - 2 potions of agility {unknown}
 t - a potion of curing {unknown}
 v - a potion of heal wounds {unknown}
Books
 u - a book of Cantrips

   Spells                             Type                      Level
   a - Confusing Touch                Hexes                        1
   b - Animate Skeleton               Necromancy                   1
   c - Summon Small Mammal            Summoning                    1
   d - Apportation                    Translocation                1
   Trog disapproves of the use of such an item.
Comestibles
 c - 2 bread rations
 g - 12 fruits
 k - 3 meat rations
 l - 2 royal jellies


   Skills:
 + Level 6.8(6.4) Fighting
 * Level 8.6(8.1) Axes
 + Level 6.0(5.6) Armour
 + Level 5.7(5.3) Dodging


You had 7 spell levels left.
You didn't know any spells.

Dungeon Overview and Level Annotations

Branches:
Dungeon (7/15)             Temple (0/1) D:4

Altars:
Ashenzari
Cheibriados
Elyvilon
Fedhas
Trog
Uskayaw
Yredelemnul

Shops:
D:4 [%*[:[   D:5 %


Innate Abilities, Weirdness & Mutations

You reflexively headbutt those who attack you in melee.
You have a pair of horns on your head.


Message History

Your black bear claws the wight.
The wight is destroyed!
Trog accepts your kill.
You feel your anger subside.
Your black bear barely misses the howler monkey zombie.
Your black bear claws the howler monkey zombie.
The howler monkey zombie is destroyed!
Trog accepts your kill.
You are no longer berserk.
You are exhausted.
You feel yourself slow down.
Your black bear closely misses the steam dragon.
Your black bear claws the steam dragon but does no damage.
Your black bear claws the steam dragon.
Your black bear bites the steam dragon.
Your black bear barely misses the steam dragon.
Your black bear claws the steam dragon but does no damage.
The steam dragon breathes steam at you. The ball of steam hits your black bear.
The ball of steam hits you!
You die...

.......#
......###.
#.........
#...!.....
#z........
#####+#D.z.....!
#.....h##.......
#.(...§# .......
#.....§# .......
#....§.# .......
#....@.# .......
#####.## ....###
#.# ....# #.#
#.################
#...............<#
##################


You could see a friendly black bear (berserk).

Vanquished Creatures
  Prince Ribbit (D:6)
  A wyvern (D:6)
  Eustachio (D:6)
  3 ogres
  An ice beast (D:5)
  A wight (D:7)
  A crimson imp (D:6)
  2 hounds
  Crazy Yiuf (D:6)
  3 bullfrog skeletons
  An orc priest (D:4)
  4 worker ants
  2 orc wizards (D:4)
  Robin (D:2)
  5 adders
  2 oozes
  A worm (D:4)
  3 dart slugs
  6 leopard geckos
  9 orcs
  11 bats
  5 giant cockroaches
  20 goblins
  7 hobgoblins
  11 jackals
  4 quokkas
  A ball python (D:3)
  4 frilled lizards
  2 jackal skeletons
  10 kobolds
  2 leopard gecko skeletons
  A leopard gecko zombie (D:6)
  12 rats
139 creatures vanquished.

Vanquished Creatures (collateral kills)
  A wight (D:7)
  A howler monkey zombie (D:7)
2 creatures vanquished.

Grand Total: 141 creatures vanquished

Notes
Turn   | Place    | Note
-------+----------+-------------------------------------------
     0 | D:1      | Akra the Minotaur Berserker began the quest for the Orb.
     0 | D:1      | Reached XP level 1. HP: 19/19 MP: 0/0
   316 | D:1      | Reached XP level 2. HP: 21/27 MP: 1/1
   515 | D:1      | Reached skill level 4 in Axes
   866 | D:1      | Reached ** piety under Trog
  1021 | D:1      | Reached XP level 3. HP: 33/33 MP: 2/2
  1351 | D:2      | Noticed Robin
  1359 | D:2      | Reached XP level 4. HP: 40/40 MP: 3/3
  1363 | D:2      | Killed Robin
  1614 | D:2      | Reached *** piety under Trog
  1809 | D:3      | Found a blossoming altar of Fedhas.
  2061 | D:3      | Reached skill level 5 in Axes
  2236 | D:3      | Found a hide-covered altar of Uskayaw.
  2236 | D:3      | Found a white marble altar of Elyvilon.
  2246 | D:3      | Reached XP level 5. HP: 47/47 MP: 4/4
  2457 | D:3      | Found a snail-covered altar of Cheibriados.
  3219 | D:4      | Found a shattered altar of Ashenzari.
  3246 | D:4      | Found Woosomp's Armour Shop.
  3261 | D:4      | Found Yshoj's Book Shoppe.
  3310 | D:4      | Received a gift from Trog
  3599 | D:4      | Reached skill level 5 in Fighting
  3599 | D:4      | Reached XP level 6. HP: 52/56 MP: 5/5
  3655 | D:4      | Found Hehoicor's Antique Armour Emporium.
  3799 | D:4      | Found a staircase to the Ecumenical Temple.
  3824 | D:4      | Found Etzetyl's Elemental Accessories.
  3886 | D:4      | Found Itiamp's Armour Emporium.
  3910 | D:4      | Reached **** piety under Trog
  3910 | D:4      | Reached skill level 6 in Axes
  3911 | D:4      | Found Naxif's Food Shop.
  4228 | D:5      | Entered Level 5 of the Dungeon
  4267 | D:5      | Found Ahegyeg's Food Boutique.
  4409 | D:5      | Reached XP level 7. HP: 34/61 MP: 6/6
  4963 | D:5      | Reached skill level 7 in Axes
  4963 | D:5      | Reached skill level 5 in Armour
  5588 | D:6      | Noticed Prince Ribbit
  5596 | D:6      | Killed Prince Ribbit
  5596 | D:6      | Reached skill level 5 in Dodging
  5671 | D:6      | Found a basalt altar of Yredelemnul.
  5760 | D:6      | Reached XP level 8. HP: 65/70 MP: 7/7
  5771 | D:6      | Found a runed door.
  5869 | D:6      | Found a bloodstained altar of Trog.
  5890 | D:6      | Noticed Eustachio
  5906 | D:6      | Killed Eustachio
  5906 | D:6      | Reached skill level 8 in Axes
  6134 | D:6      | Noticed Crazy Yiuf
  6137 | D:6      | Killed Crazy Yiuf
  6388 | D:7      | HP: 1/71 [wight/trident of freezing (4)]
  6394 | D:7      | Killed from afar by a steam dragon

Vault maps used:
D:1:      nzn_arrival_settlement
D:2:      first_bread, uniq_robin
D:3:      minmay_diamond_boxcup, fedhas_altar_3,
          chequers_temple_overflow_statue_of_worship, kennysheep_slug_shrine
D:4:      lemuel_doored_altar, minmay_temple_entry_mist, serial_shops, shop,
          kennysheep_mini_moat, nicolae_shop_behind_doors, shop,
          nicolae_shop_trees, nicolae_elemental_shop
D:5:      serial_shops, nicolae_shop_crystal
D:6:      kennysheep_little_box, basic_altar, uniq_crazy_yiuf_cottage,
          uniq_prince_ribbit1, uniq_eustachio
D:7:      lemuel_crystal_altar, lemuel_coloured_pillars_altar,
          grunt_dithmenos_smoke_and_mirrors

Skill      XL: |  1  2  3  4  5  6  7  8 |
---------------+-------------------------+-----
Axes           | 4 5 6 7 8 |  8.6
Fighting       | 4 5 6 |  6.8
Armour         | 3 4 5 6 |  6.0
Dodging        | 3 4 5 |  5.7

Action                   |  1- 3 |  4- 6 |  7- 9 || total
-------------------------+-------+-------+-------++-------
Melee: Hand axe          |    89 |   158 |    68 ||   315
       Headbutt          |    13 |    24 |    14 ||    51
       War axe           |       |       |     6 ||     6
Invok: Berserk           |     1 |     1 |     3 ||     5
       Trog's Hand       |       |     1 |     2 ||     3
       Brothers in Arms  |       |       |     1 ||     1
  Use: Scroll            |       |    12 |       ||    12
 Stab: Sleeping          |       |     1 |     1 ||     2
  Eat: Chunk             |     1 |    12 |     4 ||    17
       Bread ration      |       |       |     1 ||     1
Armor: Animal skin       |    16 |    27 |       ||    43
       Leather armour    |       |       |     9 ||     9
Dodge: Dodged            |    55 |   112 |    55 ||   222

Table legend:
 A = Spawn XP
 B = Non-spawn XP
 C = Spawn XP percentage of total XP
 D = Spawn monster count
 E = Non-spawn monster count
 F = Spawn count percentage of total count
 G = Total turns spent on level
                    A         B        C        D         E        F      G
               +---------+---------+-------+---------+---------+-------+---------
         Total |       0 |    2083 |   0.0 |       0 |     141 |   0.0 |  6394
               +---------+---------+-------+---------+---------+-------+---------
           D:1 |       0 |      54 |   0.0 |       0 |      29 |   0.0 |  1158
           D:2 |       0 |      97 |   0.0 |       0 |      29 |   0.0 |   617
           D:3 |       0 |      67 |   0.0 |       0 |      28 |   0.0 |  1373
           D:4 |       0 |     351 |   0.0 |       0 |      27 |   0.0 |  1116
           D:5 |       0 |     501 |   0.0 |       0 |      13 |   0.0 |  1061
           D:6 |       0 |     918 |   0.0 |       0 |      12 |   0.0 |  1027
           D:7 |       0 |      95 |   0.0 |       0 |       3 |   0.0 |    42
               +---------+---------+-------+---------+---------+-------+---------
